 Dungeon Crawl Stone Soup version 0.28-a0-828-g0121872642 (webtiles) character file.

Game seed: 641196784074261623

43 bande the Skirmisher (level 3, -1/24 HPs)
             Began as a Gargoyle Fighter on Nov 10, 2021.
             Slain by Terence (8 damage)
             ... on level 2 of the Dungeon.
             The game lasted 00:01:22 (1814 turns).

bande the Skirmisher (Gargoyle Fighter)             Turns: 1814, Time: 00:01:22

Health: -1/24      AC: 10    Str: 20    XL:     3   Next: 58%
Magic:  3/3        EV:  9    Int:  8    God:
Gold:   30         SH:  4    Dex:  9    Spells: 2/2 levels left

rFire   . . .      SeeInvis .   a - +0 war axe
rCold   . . .      Faith    .   c - +0 buckler
rNeg    + . .      Spirit   .   b - +0 scale mail
rPois   ∞          Reflect  .   (no helmet)
rElec   +          Harm     .   (no cloak)
rCorr   .          Rampage  .   (no gloves)
Will    .....                   (no boots)
Stlth   ..........              (no amulet)
HPRegen 0.08/turn               (no ring)
MPRegen 0.08/turn               (no ring)

@: no status effects
A: sickness immunity, AC +3, negative energy resistance 1, electricity
resistance, torment resistance 1, petrification resistance
a: no special abilities


You were on level 2 of the Dungeon.
You visited 1 branch of the dungeon, and saw 2 of its levels.

You collected 30 gold pieces.

Inventory:

Hand Weapons
 a - a +0 war axe (weapon)
Armour
 b - a +0 scale mail (worn)
 c - a +0 buckler (worn)
Potions
 d - a potion of might
 e - 3 potions of curing {unknown}
 f - a potion of haste {unknown}
 g - a potion of attraction {unknown}
 h - a potion of resistance {unknown}


   Skills:
 + Level 3.7 Fighting
 + Level 2.3 Axes
 + Level 3.6 Armour
 + Level 0.2 Dodging
 - Level 0.1 Stealth
 + Level 3.7 Shields


You had 2 spell levels left.
You didn't know any spells.
Your spell library was empty.

Dungeon Overview and Level Annotations

Branches:
Dungeon (2/15)

Altars:

Annotations:
D:2 Terence


Innate Abilities, Weirdness & Mutations

You are immune to sickness and miasma.
Your stone body is resilient. (AC +3)
You are immune to poison.
You resist negative energy. (rN+)
You are resistant to electric shocks. (rElec)
You are resistant to unholy torment.
You are immune to petrification.


Message History

No target in view!
No target in view!
No target in view!
You now have 30 gold pieces (gained 7).
Terence the Incautious comes into view.
He is wielding a +0 flail.
Terence is nearby!
You barely miss Terence. Terence closely misses you.
You slash Terence!
Terence is moderately wounded.
Terence hits you with a +0 flail. Terence closely misses you.
You closely miss Terence.
Terence is moderately wounded.
Terence hits you with a +0 flail.
You hit Terence but do no damage.
Terence is moderately wounded.
You block Terence's attack. Terence hits you with a +0 flail!
* * * LOW HITPOINT WARNING * * *
You are too injured to fight recklessly!
You are too injured to fight recklessly!
You are too injured to fight recklessly!
You are too injured to fight recklessly!
You are too injured to fight recklessly!
You are too injured to fight recklessly!
You are too injured to fight recklessly!
You barely miss Terence.
Terence is moderately wounded.
Terence hits you but does no damage.
You barely miss Terence.
Terence is moderately wounded.
Terence closely misses you.
You hit Terence but do no damage.
Terence is moderately wounded.
Terence barely misses you. x2
You hit Terence but do no damage.
Terence is moderately wounded.
You block Terence's attack.
You hit Terence.
Terence is severely wounded.
Terence hits you with a +0 flail!
You die...

##.#.# ..... ###########
#.#.#
#.#####.........####.#.#
.>......................
#######.#######.####.#.#
#.# #.#<...#†# #.#
#...##.#.# #@#
#######.####.#
........@............†.#
#######.##########.##..#
#.# ....#..# #.#
####.#..# #.. ..... ###
##..# ...# ##.#


You could see Terence.

Vanquished Creatures
  An adder (D:2)
  A dart slug (D:1)
  3 bats
  An endoplasm (D:1)
  2 giant cockroaches (D:1)
  2 goblins (D:1)
  3 hobgoblins (D:1)
  4 jackals (D:2)
  2 quokkas (D:1)
  4 ball pythons (D:1)
  3 frilled lizards (D:1)
  3 kobolds (D:1)
  A rat (D:1)
30 creatures vanquished.

Notes
Turn   | Place    | Note
-------+----------+-------------------------------------------
     0 | D:1      | bande the Gargoyle Fighter began the quest for the Orb.
     0 | D:1      | Reached XP level 1. HP: 14/14 MP: 1/1
   312 | D:1      | Reached XP level 2. HP: 19/19 MP: 2/2
  1025 | D:1      | Reached XP level 3. HP: 21/24 MP: 3/3
  1805 | D:2      | Noticed Terence
  1814 | D:2      | Slain by Terence

Illustrated notes

Levels and vault maps discovered:
D:1:      erik_arrival_triangle_medium, layout_basic
D:2:      layout_basic, uniq_crazy_yiuf_cottage, uniq_robin, uniq_terence

Skill      XL: |  1  2 |
---------------+-------+-----
Axes           | 2 |  2.3
Fighting       | |  3.7
Armour         | |  3.6
Dodging        | |  0.2
Stealth        | |  0.1
Shields        | |  3.7

Action                   || total
-------------------------++-------
Melee: War axe           ||   106
  Use: Scroll            ||     1
Armor: Scale mail        ||    67
Dodge: Dodged            ||    66
Block: Buckler           ||    35

Table legend: (Time is in decaauts)
 A = Elapsed time spent in this place.
 B = Non-inter-level travel time spent in this place.
 C = Inter-level travel time spent in this place.
 D = Time resting spent in this place.
 E = Time spent auto-exploring this place.
 F = Levels seen in this place.
 G = Mean time per level.
                   A        B        C        D        E       F      G
               +--------+--------+--------+--------+--------+-----+--------+
         Total |   1856 |   1856 |      0 |    457 |   1116 |   2 |  928.0 |
       Dungeon |   1856 |   1856 |      0 |    457 |   1116 |   2 |  928.0 |
               +--------+--------+--------+--------+--------+-----+--------+

Top non-repeatable levels by time:
     D:1: 1138 daAuts
     D:2: 718 daAuts
